 Dungeon Sprint DCSS version 0.19.5 (webtiles) character file.

14972 dwjmeijer the Imperceptible (level 11, -7/47 HPs)
             Began as a Spriggan Enchanter on May 4, 2017.
             Was the Champion of Zin.
             Engulfed by a cloud of steam (11 damage)
             ... in the Dungeon (Sprint I: "Red Sonja").
             The game lasted 00:15:52 (2330 turns).

dwjmeijer the Imperceptible (Spriggan Enchanter)    Turns: 2330, Time: 00:15:53

Health: -7/47      AC:  3    Str:  7    XL:     11   Next: 95%
Magic:  23/28      EV: 18    Int: 21    God:    Zin [******]
Gold:   414        SH:  0    Dex: 16    Spells: 6 memorised, 2 levels left

rFire  . . .     SeeInvis +     a - +1 dagger
rCold  . . .     Gourm    .     b - +1 robe
rNeg   . . .     Faith    .     (shield restricted)
rPois  .         Spirit   .     (helmet restricted)
rElec  .         Reflect  .     (no cloak)
rCorr  .         Harm     .     (gloves unavailable)
MR     .....     NoTele   +     (boots unavailable)
Stlth  +++++++++.               (no amulet)
                                (no ring)
                                p - ring "Unemuach" {MR- MP+9 Str+3 Stlth+}

@: very slightly contaminated, very quick
A: unfitting armour, see invisible, herbivore 3, speed 3, slow metabolism 2
a: Recite, Vitalisation, Imprison, Sanctuary, Donate Gold, Cure All Mutations,
Renounce Religion


You were in the Dungeon.
You worshipped Zin.
Zin was exalted by your worship.
You were full.

You visited 1 branch You collected 1559 gold pieces.
You spent 1113 gold pieces at shops.
You donated 32 gold pieces to Zin.

Inventory:

Hand Weapons
 a - a +1 dagger (weapon)
Armour
 b - a +1 robe (worn)
Jewellery
 p - the ring "Unemuach" (left hand) {MR- MP+9 Str+3 Stlth+}
   (You found it in the Dungeon)

   [ring of magical power]

   It affects your strength (+3).
   It affects your resistance to hostile enchantments.
   It affects your magic capacity (+9).
   It makes you more stealthy.
Wands
 o - a wand of polymorph (11/24)
 s - a wand of flame (32/48)
Scrolls
 f - a scroll of remove curse
 j - a scroll of blinking
 l - 2 scrolls of identify {unknown}
 r - a scroll of torment {unknown}
Potions
 d - a potion of invisibility {unknown}
 e - 4 potions of curing
 g - a potion of haste
 h - 2 potions of magic
 i - a potion of resistance {unknown}
 k - a potion of degeneration {unknown}
 m - 2 potions of brilliance {unknown}
Books
 c - a book of Maledictions

   Spells                             Type                      Level
   a - Corona                         Hexes                        1
   b - Ensorcelled Hibernation        Hexes/Ice                    2
   c - Confuse                        Hexes                        3
   d - Tukima's Dance                 Hexes                        3
   e - Dazzling Spray                 Conjuration/Hexes            3
 n - a book of Burglary

   Spells                             Type                      Level
   a - Swiftness                      Charms/Air                   2
   b - Passwall                       Transmutation/Earth          2
   c - Passage of Golubria            Translocation                4
   d - Lee's Rapid Deconstruction     Earth                        5
   e - Darkness                       Hexes                        6
   f - Invisibility                   Hexes                        6


   Skills:
 - Level 1.1 Short Blades
 - Level 3.0 Dodging
 + Level 26.2 Stealth
 - Level 5.2 Spellcasting
 + Level 22.5 Hexes
 + Level 10.3 Invocations


You had 2 spell levels left.
You knew the following spells:

 Your Spells              Type           Power        Failure   Level  Hunger
a - Corona                Hex            #######      0%          1    None
b - Ensorcelled Hibernat  Hex/Ice        ######       1%          2    None
c - Confuse               Hex            #######.     0%          3    ##.....
d - Dazzling Spray        Conj/Hex       ######       1%          3    ##.....
e - Tukima's Dance        Hex            #######.     0%          3    ##.....
f - Invisibility          Hex            #######.     1%          6    #######


Dungeon Overview and Level Annotations

Branches:
Dungeon (1/1)

Altars:
Cheibriados
Dithmenos
Elyvilon
Fedhas
Gozag
Hepliaklqana
Kikubaaqudgha
Makhleb
Nemelex Xobeh
Okawaru
Qazlal
Ru
Sif Muna
Trog
Uskayaw
Vehumet
Xom
Yredelemnul
Zin
The Shining One
Jiyva
Lugonu

Shops:
D (}::*[=}*%?*[=%:??([!


Innate Abilities, Weirdness & Mutations

You are very small and have problems with some larger weapons.
You are too small for most types of armour.
You have supernaturally acute eyesight. (SInv)
You are a herbivore.
You cover ground extremely quickly.
You need consume almost no food.


Message History

The siren shouts!
The siren dies!
You are engulfed in a cloud of scalding steam.
You see here 27 gold pieces.
You are engulfed in a cloud of scalding steam.
You see here 27 gold pieces.
You are engulfed in a cloud of scalding steam.
You see here 27 gold pieces.
You open the door.
You are engulfed in a cloud of scalding steam.
* * * LOW HITPOINT WARNING * * *
Found a scroll of remove curse.
You are engulfed in a cloud of scalding steam.
* * * LOW HITPOINT WARNING * * *
There is an open door here.
You are engulfed in a cloud of scalding steam.
* * * LOW HITPOINT WARNING * * *
f - a scroll of remove curse You are engulfed in a cloud of scalding steam.
You die...

##################
§§§.§§+..#.§4$$§$#
§§§§.##..'§§#)$$§##
#§..#######+#§§§$§#
###+# .#.§§$§# #y#
.##$§§§# ###
.≈###§## ..# .≈ #@#
..# .≈4 #+# +## .≈#


There were no monsters in sight!

Vanquished Creatures
  A lorocyproca (D)
  A hydra (D)
  2 centaur warriors (D)
  Sonja (D)
  2 unseen horrors (D)
  A deep troll (D)
  A lindwurm (D)
  An oklob plant (D)
  8 shining eyes (D)
  A gargoyle (D)
  4 demonic crawlers (D)
  2 kobold demonologists (D)
  A hornet (D)
  A slime creature (D)
  2 redbacks (D)
  Sigmund (D)
  A yak (D)
  13 hogs (D)
  7 floating eyes (D)
  7 necrophages (D)
  An ogre (D)
  8 jellies (D)
  Ijyb (D)
  2 ballistomycetes (D)
  A ballistomycete spore (D)
71 creatures vanquished.

Vanquished Creatures (others)
  A siren (D)
  A gargoyle (D)
  A ballistomycete spore (D)
3 creatures vanquished.

Grand Total: 74 creatures vanquished

Notes
Turn   | Place    | Note
-------+----------+-------------------------------------------
     0 | D        | dwjmeijer the Spriggan Enchanter began the quest for the Orb.
     0 | D        | Reached XP level 1. HP: 9/9 MP: 5/5
     2 | D        | Noticed Ijyb
    11 | D        | Killed Ijyb
    11 | D        | Reached skill level 7 in Stealth
    11 | D        | Reached XP level 2. HP: 4/13 MP: 6/6
   234 | D        | Learned a level 2 spell: Ensorcelled Hibernation
   234 | D        | Noticed an ogre
   237 | D        | Killed an ogre
   237 | D        | Reached skill level 10 in Stealth
   237 | D        | Reached XP level 3. HP: 16/16 MP: 8/8
   237 | D        | Reached XP level 4. HP: 21/21 MP: 9/9
   242 | D        | Learned a level 3 spell: Confuse
   253 | D        | Noticed Sigmund
   257 | D        | Killed Sigmund
   257 | D        | Reached skill level 13 in Stealth
   257 | D        | Reached XP level 5. HP: 24/24 MP: 5/10
   257 | D        | Reached XP level 6. HP: 28/28 MP: 5/11
   262 | D        | Learned a level 3 spell: Dazzling Spray
   308 | D        | Found a deep blue altar of Sif Muna.
   310 | D        | Found a radiant altar of Vehumet.
   314 | D        | Reached skill level 14 in Stealth
   345 | D        | Found Sushaol's Book Emporium.
   345 | D        | Found an ancient bone altar of Kikubaaqudgha.
   345 | D        | Found a hazy altar of Hepliaklqana.
   345 | D        | Found a stormy altar of Qazlal.
   345 | D        | Found a hide-covered altar of Uskayaw.
   345 | D        | Found a blossoming altar of Fedhas.
   345 | D        | Found a bloodstained altar of Trog.
   345 | D        | Found an iron altar of Okawaru.
   345 | D        | Found a basalt altar of Yredelemnul.
   345 | D        | Found a glowing golden altar of the Shining One.
   345 | D        | Found a snail-covered altar of Cheibriados.
   345 | D        | Found a sacrificial altar of Ru.
   345 | D        | Found a glowing silver altar of Zin.
   345 | D        | Found a shadowy altar of Dithmenos.
   345 | D        | Found a white marble altar of Elyvilon.
   345 | D        | Noticed a yak
   346 | D        | Found an opulent altar of Gozag.
   347 | D        | Killed a yak
   347 | D        | Reached skill level 15 in Stealth
   348 | D        | Found a sparkling altar of Nemelex Xobeh.
   354 | D        | Became a worshipper of Zin the Law-Giver
   354 | D        | Reached * piety under Zin
   354 | D        | Reached ** piety under Zin
   354 | D        | Reached *** piety under Zin
   354 | D        | Reached **** piety under Zin
   354 | D        | Reached ***** piety under Zin
   354 | D        | Reached ****** piety under Zin
   362 | D        | Noticed Sonja
   366 | D        | Killed Sonja
   366 | D        | Reached skill level 18 in Stealth
   366 | D        | Reached XP level 7. HP: 32/32 MP: 12/12
   366 | D        | Reached XP level 8. HP: 36/36 MP: 13/13
   372 | D        | Learned a level 3 spell: Tukima's Dance
   450 | D        | Noticed a deep troll
   454 | D        | Killed a deep troll
   454 | D        | Reached skill level 19 in Stealth
   454 | D        | Reached skill level 15 in Hexes
   464 | D        | Found Con Esem's Armour Emporium.
   494 | D        | Found Surah's Weapon Boutique.
   505 | D        | Noticed a shining eye
   505 | D        | Noticed a shining eye
   505 | D        | Noticed a shining eye
   505 | D        | Noticed a shining eye
   505 | D        | Noticed a shining eye
   505 | D        | Noticed a shining eye
   513 | D        | Paralysed by a floating eye for 3 turns
   522 | D        | Paralysed by a floating eye for 2 turns
   528 | D        | Killed a shining eye
   528 | D        | Reached skill level 20 in Stealth
   528 | D        | Reached XP level 9. HP: 39/39 MP: 2/14
   528 | D        | Killed a shining eye
   528 | D        | Reached skill level 21 in Stealth
   528 | D        | Paralysed by a floating eye for 4 turns
   536 | D        | Killed a shining eye
   536 | D        | Paralysed by a floating eye for 2 turns
   542 | D        | Killed a shining eye
   542 | D        | Reached skill level 22 in Stealth
   543 | D        | Paralysed by a floating eye for 2 turns
   553 | D        | Paralysed by a floating eye for 2 turns
   556 | D        | Noticed a shining eye
   556 | D        | Noticed a shining eye
   568 | D        | Killed a shining eye
   598 | D        | Killed a shining eye
   598 | D        | Reached XP level 10. HP: 44/44 MP: 5/15
   606 | D        | Killed a shining eye
   606 | D        | Reached skill level 23 in Stealth
   636 | D        | Killed a gargoyle
   652 | D        | Killed a shining eye
   652 | D        | Reached skill level 1 in Invocations
   657 | D        | Found Eraug's Gadget Shoppe.
   657 | D        | Found Ingurchum's General Store.
   657 | D        | Found Foneoloc's Book Emporium.
   657 | D        | Found Wurekhal's Armour Boutique.
   697 | D        | Found a burning altar of Makhleb.
   697 | D        | Found a viscous altar of Jiyva.
   697 | D        | Found a shimmering altar of Xom.
   697 | D        | Found a corrupted altar of Lugonu.
   793 | D        | Bought a scroll of remove curse for 30 gold pieces
   822 | D        | Noticed a centaur warrior
   822 | D        | Noticed a centaur warrior
   830 | D        | Killed a centaur warrior
   834 | D        | Killed a centaur warrior
   834 | D        | Reached skill level 24 in Stealth
   834 | D        | Reached skill level 5 in Invocations
  1065 | D        | Noticed an oklob plant
  1067 | D        | Killed an oklob plant
  1078 | D        | Reached XP level 11. HP: 47/47 MP: 16/16
  1113 | D        | Bought a book of Burglary for 1050 gold pieces
  1137 | D        | Noticed an unseen horror
  1138 | D        | Noticed an unseen horror
  1146 | D        | Killed an unseen horror
  1148 | D        | Killed an unseen horror
  1466 | D        | Reached skill level 5 in Spellcasting
  1488 | D        | Found Qiemofib's Gadget Shoppe.
  1489 | D        | Found Dusiphif's Jewellery Shop.
  1490 | D        | Found Taomam's General Store.
  1508 | D        | Got a wavering amber ring
  1510 | D        | Got a heavily jewelled robe
  1514 | D        | Identified the ring "Unemuach" {MR- MP+9 Str+3 Stlth+} (You found it in the Dungeon)
  1525 | D        | Identified the cursed +1 robe of Dithmenos {*Slow rN+++ MP+9 Str-5} (You found it in the Dungeon)
  1532 | D        | Found Raxaoh's Food Emporium.
  1532 | D        | Found Teluajut's Magic Scroll Shop.
  1532 | D        | Found Kukkarirr's General Store.
  1532 | D        | Found Doraxur's Antique Armour Boutique.
  1532 | D        | Found Koffuc's Jewellery Emporium.
  1532 | D        | Found Amoqael's Food Shop.
  1532 | D        | Found Poekh's Book Shoppe.
  1541 | D        | Learned a level 6 spell: Invisibility
  1544 | D        | Found Kaeveylu's Magic Scroll Boutique.
  1545 | D        | Found Gulir's Antique Weapon Emporium.
  1545 | D        | Found Zegiett's Magic Scroll Boutique.
  1546 | D        | Found Ubafe's Distillery.
  1710 | D        | Reached skill level 25 in Stealth
  1747 | D        | Noticed a lorocyproca
  1752 | D        | Killed a lorocyproca
  2036 | D        | Bought a scroll of remove curse for 33 gold pieces
  2104 | D        | Noticed a lindwurm
  2106 | D        | Killed a lindwurm
  2143 | D        | Reached skill level 26 in Stealth
  2147 | D        | Reached skill level 10 in Invocations
  2295 | D        | Noticed a 12-headed hydra
  2297 | D        | Killed a 12-headed hydra
  2309 | D        | Noticed a deep elf annihilator
  2330 | D        | Engulfed by a cloud of steam

Skill      XL: |  1  2  3  4  5  6  7  8  9 10 11 |
---------------+----------------------------------+-----
Stealth        | 7 10 13 18 20 22 24 26 | 26.2
Hexes          | 6 8 11 14 16 18 20 22 | 22.5
Invocations    | 6 10 | 10.3
Spellcasting   | 5 |  5.2
Short Blades   | |  1.1
Dodging        | |  3.0

Action                   |  1- 3 |  4- 6 |  7- 9 | 10-12 || total
-------------------------+-------+-------+-------+-------++-------
Melee: Dagger            |     8 |     4 |    89 |   135 ||   236
 Cast: Ensorcelled Hiber |       |     2 |     2 |    24 ||    28
       Dazzling Spray    |       |       |     6 |     3 ||     9
       Confuse           |       |       |       |    11 ||    11
Invok: Recite            |       |       |     4 |     2 ||     6
       Vitalisation      |       |       |       |     2 ||     2
  Use: Potion            |     1 |       |       |     1 ||     2
       Scroll            |       |       |       |     2 ||     2
 Stab: Sleeping          |     2 |     4 |     2 |    41 ||    49
       Invisible         |       |       |     6 |       ||     6
       Confused          |       |       |       |     8 ||     8
  Eat: Bread ration      |       |       |       |     1 ||     1
Armor: Robe              |     1 |       |       |     3 ||     4
Dodge: Dodged            |     3 |     1 |       |    17 ||    21
